 Dungeon Crawl Stone Soup version 0.29.1-13-g9f3cf754e1 (webtiles) character file.

Game seed: 12615162452863259064

53 Thatpatchoflichen the Shooter (level 3, 0/21 HPs)
             Began as a Deep Elf Hunter on Feb 1, 2023.
             Succumbed to an adder's poison
             ... on level 3 of the Dungeon.
             The game lasted 00:05:29 (1924 turns).

Thatpatchoflichen the Shooter (Deep Elf Hunter)     Turns: 1924, Time: 00:05:29

Health: 0/21       AC:  3    Str:  8    XL:     3   Next: 62%
Magic:  5/5        EV: 13    Int: 13    God:
Gold:   143        SH:  0    Dex: 20    Spells: 2/2 levels left

rFire   . . .      SeeInvis .   a - +0 shortbow
rCold   . . .      Faith    .   (shield currently unavailable)
rNeg    . . .      Spirit   .   c - +0 leather armour
rPois   .          Reflect  .   (no helmet)
rElec   .          Harm     .   (no cloak)
rCorr   .          Rampage  .   (no gloves)
Will    .....                   (no boots)
Stlth   ++........              (no amulet)
HPRegen 0.07/turn               (no ring)
MPRegen 0.09/turn               (no ring)

@: lethally poisoned (0 -> -3)
A: no striking features
a: no special abilities


You were on level 3 of the Dungeon.
You visited 1 branch of the dungeon, and saw 3 of its levels.

You collected 143 gold pieces.

Inventory:

Hand Weapons
 a - a +0 shortbow (weapon)
Armour
 c - a +0 leather armour (worn)
Scrolls
 b - a scroll of immolation
 e - 5 scrolls of identify {unknown}
 f - 8 scrolls of teleportation {unknown}
Potions
 d - a potion of flight {unknown}
 g - a potion of invisibility {unknown}
 h - 2 potions of mutation {unknown}


   Skills:
 - Level 2.0 Fighting
 + Level 6.0 Ranged Weapons
 - Level 1.0 Armour
 * Level 3.2 Dodging
 - Level 1.2 Stealth


You had 2 spell levels left.
You didn't know any spells.
Your spell library contained the following spells:

 Spells                   Type           Power      Damage    Failure   Level
 Beastly Appendage        Tmut           0%         N/A       41%         1
 Wereblood                Tmut           0%         N/A       54%         2
 Spider Form              Tmut/Pois      0%         N/A       78%         3


Dungeon Overview and Level Annotations

Branches:
Dungeon (3/15)

Altars:
Makhleb

Annotations:
D:2 Sigmund


Message History

Fire: a) +0 shortbow
Press: ? - help, Q - select action Shift-Dir - straight line, f/p - adder
Aim: an adder (heavily wounded, 51% to hit)
You shoot an arrow. The arrow barely misses the adder.
You feel sick. The adder bites you but does no damage.
The adder closely misses you.
Fire: a) +0 shortbow
Press: ? - help, Q - select action Shift-Dir - straight line, f/p - adder
Aim: an adder (heavily wounded, 51% to hit)
You shoot an arrow. The arrow barely misses the adder.
You feel sick. The adder bites you. The adder barely misses you.
Unknown command.
Fire: a) +0 shortbow
Press: ? - help, Q - select action Shift-Dir - straight line, f/p - adder
Aim: an adder (heavily wounded, 51% to hit)
You shoot an arrow. The arrow barely misses the adder.
You feel sick.
You are no longer poisoned.
The adder closely misses you.
Fire: a) +0 shortbow
Press: ? - help, Q - select action Shift-Dir - straight line, f/p - adder
Aim: an adder (heavily wounded, 51% to hit)
You shoot an arrow. The arrow hits the adder.
The adder is almost dead.
The adder bites you.
* * * LOW HITPOINT WARNING * * *
You are lethally poisoned!
The adder poisons you! The adder closely misses you.
Fire: a) +0 shortbow
Press: ? - help, Q - select action Shift-Dir - straight line, f/p - adder
Aim: an adder (almost dead, 51% to hit)
You shoot an arrow. The arrow hits the adder.
The adder is almost dead.
* * * LOW HITPOINT WARNING * * *
You feel sick. The adder closely misses you.
Fire: a) +0 shortbow
Press: ? - help, Q - select action Shift-Dir - straight line, f/p - adder
Aim: an adder (almost dead, 51% to hit)
You shoot an arrow. The arrow closely misses the adder.
You die...

... ... #.# #.# #..
#.# #.# #S# #.#
#@######.#
##.#########........#
##..........#.########
#.....#####.#.#
#....#####.#.#
######.#.##......#
.)..........##.###
######.#.#####.#
#<#.......#


You could see an adder.

Vanquished Creatures
  A worm (D:2)
  2 dart slugs
  8 bats
  3 endoplasms
  3 giant cockroaches
  8 goblins
  2 hobgoblins
  A kobold (D:1)
  A quokka (D:2)
  5 ball pythons
  2 frilled lizards
  8 rats
44 creatures vanquished.

Vanquished Creatures (others)
  A plant (D:1)
1 creature vanquished.

Grand Total: 45 creatures vanquished

Notes
Turn   | Place    | Note
-------+----------+-------------------------------------------
     0 | D:1      | Thatpatchoflichen the Deep Elf Hunter began the quest for
                  | the Orb.
     0 | D:1      | Reached XP level 1. HP: 12/12 MP: 3/3
   241 | D:1      | Reached XP level 2. HP: 16/16 MP: 4/4
   256 | D:1      | Reached skill level 6 in Ranged Weapons
   855 | D:2      | Reached XP level 3. HP: 21/21 MP: 5/5
  1084 | D:2      | Reached skill level 1 in Armour
  1481 | D:2      | Found a burning altar of Makhleb.
  1533 | D:2      | Noticed Sigmund
  1923 | D:3      | HP: 1/21 [poisoned by an adder]
  1924 | D:3      | Succumbed to an adder's poison

Illustrated notes

Levels and vault maps discovered:
D:1:      ncdulo_halloftheorcs, layout_loops_ring, chequers_avenue,
          minivault_27, chequers_serial_rivers_micro_d, serial_bayou_pond_b,
          minmay_misc_feat_chi, chequers_serial_rivers_marsh
D:2:      layout_basic, basic_altar, serial_shops, nicolae_shop_waterfront,
          uniq_sigmund
D:3:      layout_loops_corners, hellmonk_ecumenical_altar_zigzags

Skill      XL: |  1  2  3 |
---------------+----------+-----
Ranged Weapons | 6 |  6.0
Fighting       | 2 |  2.0
Armour         | 1 |  1.0
Dodging        | 3 |  3.2
Stealth        | |  1.2

Action                   || total
-------------------------++-------
 Fire: Shortbow          ||   117
Armor: Leather armour    ||    16
Dodge: Dodged            ||    33
